 Dungeon Crawl Stone Soup version 0.22.1-2-g9c5b331 (webtiles) character file.

4285 systemy the Cleaver (level 10, -4/86 HPs)
             Began as a Minotaur Berserker on Dec 28, 2018.
             Was a High Priest of Trog.
             Slain by a swamp worm (14 damage)
             ... on level 9 of the Dungeon.
             The game lasted 00:19:29 (6794 turns).

systemy the Cleaver (Minotaur Berserker)            Turns: 6794, Time: 00:19:30

Health: -4/86      AC: 12    Str: 25    XL:     10   Next: 10%
Magic:  9/9        EV: 13    Int:  4    God:    Trog [*****.]
Gold:   335        SH:  0    Dex: 10    Spells: 9/9 levels left

rFire    x . .     SeeInvis +   a - +1 hand axe
rCold    + . .     Gourm    .   (no shield)
rNeg     . . .     Faith    .   e - +0 ring mail
rPois    .         Spirit   .   (helmet restricted)
rElec    .         Reflect  .   v - +1 cloak
rCorr    .         Harm     .   h - +0 pair of gloves
MR       ++...                  (no boots)
Stlth    ..........             (no amulet)
HPRegen  1.24/turn              f - ring of ice
MPRegen  0.11/turn              s - ring of see invisible

@: berserk cooldown, regenerating, slowed, very slow
A: retaliatory headbutt, horns 2, yellow scales 1, evolution 1
a: Berserk, Trog's Hand, Brothers in Arms, Renounce Religion


You were on level 9 of the Dungeon.
You worshipped Trog.
Trog was extremely pleased with you.
You were very hungry.

You visited 1 branch of the dungeon, and saw 9 of its levels.

You collected 335 gold pieces.

Inventory:

Hand Weapons
 a - a +1 hand axe (weapon)
Armour
 b - a +0 animal skin
 e - a +0 ring mail (worn)
 h - a +0 pair of gloves (worn)
 v - a +1 cloak (worn)
 C - a +0 plate armour
Jewellery
 f - a ring of ice (left hand)
 s - a ring of see invisible (right hand)
 u - an uncursed ring of poison resistance {unknown}
 w - an uncursed ring of resist corrosion {unknown}
Wands
 l - a wand of disintegration (9)
 m - a wand of random effects (19)
 q - a wand of clouds (4)
 r - a wand of paralysis (10)
 y - a wand of scattershot (5)
Scrolls
 g - 3 scrolls of magic mapping
 j - 9 scrolls of identify
 n - 2 scrolls of enchant armour
 p - 5 scrolls of remove curse
 z - a scroll of enchant weapon
 A - a scroll of teleportation {unknown}
Potions
 d - a potion of magic
 i - 2 potions of brilliance
 k - 3 potions of curing
 o - a potion of might {unknown}
 t - a potion of haste {unknown}
 x - a potion of mutation
Comestibles
 c - 21 rations
 B - 5 chunks of flesh


   Skills:
 + Level 7.5 Fighting
 * Level 13.3 Axes
 + Level 7.6 Armour
 + Level 5.6 Dodging


You had 9 spell levels left.
You didn't know any spells.
Your spell library was empty.

Dungeon Overview and Level Annotations

Branches:
Dungeon (9/15)             Temple (0/1) D:5            Lair (0/6) D:9
    Orc: D:9-12

Altars:
Ashenzari
Cheibriados
Dithmenos
Gozag
Makhleb
Okawaru
Ru
Sif Muna
Uskayaw
Vehumet
Wu Jian

Shops:
D:2 *   D:5 (   D:8 !


Innate Abilities, Weirdness & Mutations

You reflexively headbutt those who attack you in melee.
You have a pair of horns on your head.
You are partially covered in yellow scales. (AC +2)
You evolve.


Message History

The swamp worm barely misses you.
You barely miss the swamp worm. Your headbutt misses the swamp worm.
The swamp worm is heavily wounded.
You hit the swamp worm. The swamp worm barely misses you.
The swamp worm bites you but does no damage.
You miss the swamp worm.
The swamp worm is heavily wounded.
You barely miss the swamp worm. The swamp worm closely misses you.
The swamp worm bites you!
* * * LOW HITPOINT WARNING * * *
The swamp worm bites you!
* * * LOW HITPOINT WARNING * * *
Okay, then.
Aiming: Paralyse
Press: ? - help, Shift-Dir - straight line, f - swamp worm
Aim: a swamp worm (severely wounded, chance to defeat MR: 54%)
The swamp worm suddenly stops moving!
The swamp worm bites you!
* * * LOW HITPOINT WARNING * * *
The swamp worm bites you!
You die...

######.##.##
##≈≈≈≈≈≈≈≈≈≈≈..#
#.##.#
##≈≈≈#######≈≈≈
#.#..# #.≈)≈#≈≈≈
#≈≈ #.#.##
#)≈≈P≈≈≈≈≈ ≈≈.
#.#.# #))≈≈#≈≈≈≈
≈≈.# ### #.#.#
#w≈≈≈#####
..####...#
#w#w≈≈≈≈≈
......#..#
#.w..≈≈≈≈
....#.#..#
#@.......
#.#.#.#..#
#.#.#####
#.#.#.#..# #.#.#
#.#.#.#..# #.#.#
#........# #.# #
#.≈≈≈§≈.≈≈ ...
##≈####+## ...
..# #.# ..#
######


You could see 4 swamp worms.

Vanquished Creatures
  3 hippogriffs
  Sigmund (D:5)
  Edmund (D:5)
  Menkaure (D:6)
  An orc warrior (D:9)
  4 phantoms
  2 black bears
  A sky beast (D:8)
  An ogre (D:8)
  Blork the orc (D:5)
  4 bullfrogs
  A wyvern skeleton (D:6)
  2 scorpions
  9 killer bees
  2 howler monkeys
  8 wights
  A quasit (D:7)
  7 crimson imps
  A centaur zombie (D:9)
  2 jellies
  A hound (D:6)
  4 orc priests
  2 bullfrog skeletons
  5 iguanas
  4 orc wizards
  10 worker ants
  2 worker ant zombies
  A howler monkey zombie (D:9)
  8 adders
  2 shadow imps
  2 oozes (D:2)
  2 worms (D:2)
  3 dart slugs
  3 leopard geckos
  19 orcs
  7 giant cockroaches
  9 goblins
  10 hobgoblins
  5 jackals
  7 quokkas
  2 ball pythons
  10 bats
  5 frilled lizards
  A jackal zombie (D:5)
  12 kobolds
  A leopard gecko skeleton (D:4)
  9 rats
199 creatures vanquished.

Vanquished Creatures (others)
  3 plants (D:9)
3 creatures vanquished.

Grand Total: 202 creatures vanquished

Notes
Turn   | Place    | Note
-------+----------+-------------------------------------------
     0 | D:1      | systemy the Minotaur Berserker began the quest for the Orb.
     0 | D:1      | Reached XP level 1. HP: 19/19 MP: 0/0
   369 | D:1      | Reached XP level 2. HP: 27/27 MP: 1/1
   408 | D:1      | Reached skill level 4 in Axes
   755 | D:2      | Reached XP level 3. HP: 28/33 MP: 2/2
   767 | D:2      | Reached ** piety under Trog
   804 | D:2      | Found Gozag's Platinum Reserve.
   808 | D:2      | Found an opulent altar of Gozag.
   933 | D:2      | Reached XP level 4. HP: 41/41 MP: 3/3
  1098 | D:3      | Found an iron altar of Okawaru.
  1217 | D:3      | Reached skill level 5 in Axes
  1611 | D:3      | Found a hide-covered altar of Uskayaw.
  1615 | D:3      | Noticed a hand axe
  1615 | D:3      | Noticed a dagger
  1883 | D:4      | Reached XP level 5. HP: 44/47 MP: 4/4
  2179 | D:4      | Reached skill level 6 in Axes
  2341 | D:4      | Reached *** piety under Trog
  2344 | D:4      | Reached XP level 6. HP: 36/55 MP: 5/5
  2568 | D:4      | Found a deep blue altar of Sif Muna.
  2791 | D:5      | Entered Level 5 of the Dungeon
  2833 | D:5      | Found Tedaj's Antique Weapon Boutique.
  2882 | D:5      | Found a shadowy altar of Dithmenos.
  2986 | D:5      | Found a staircase to the Ecumenical Temple.
  2992 | D:5      | Noticed Blork the orc
  2999 | D:5      | Killed Blork the orc
  2999 | D:5      | Reached skill level 5 in Fighting
  3026 | D:5      | Reached skill level 7 in Axes
  3035 | D:5      | Noticed Sigmund
  3044 | D:5      | Killed Sigmund
  3044 | D:5      | Reached XP level 7. HP: 61/61 MP: 6/6
  3244 | D:5      | Reached skill level 8 in Axes
  3263 | D:5      | Reached skill level 5 in Armour
  3900 | D:5      | Found an ornate altar of the Wu Jian Council.
  3956 | D:5      | Noticed Edmund
  3972 | D:5      | Killed Edmund
  3972 | D:5      | Reached skill level 9 in Axes
  3972 | D:5      | Reached XP level 8. HP: 69/69 MP: 7/7
  4114 | D:5      | Found a radiant altar of Vehumet.
  4115 | D:5      | Found a burning altar of Makhleb.
  4159 | D:5      | Gained mutation: You evolve. [potion of mutation]
  4159 | D:5      | Gained mutation: You are partially covered in yellow
                  | scales. (AC +2) [potion of mutation]
  4313 | D:6      | Found a shattered altar of Ashenzari.
  4329 | D:6      | Found a sacrificial altar of Ru.
  4420 | D:6      | Noticed Menkaure
  4425 | D:6      | Killed Menkaure
  4446 | D:6      | Reached skill level 10 in Axes
  4664 | D:6      | Reached **** piety under Trog
  4865 | D:7      | Noticed a hippogriff
  4880 | D:7      | Killed a hippogriff
  4880 | D:7      | Reached XP level 9. HP: 63/77 MP: 8/8
  4969 | D:7      | Reached skill level 11 in Axes
  5397 | D:8      | Reached skill level 12 in Axes
  5410 | D:8      | Reached skill level 5 in Dodging
  5445 | D:8      | Found a snail-covered altar of Cheibriados.
  6076 | D:8      | Found Leza's Distillery.
  6237 | D:9      | Reached ***** piety under Trog
  6367 | D:9      | Reached skill level 13 in Axes
  6415 | D:9      | Found a staircase to the Lair.
  6516 | D:9      | Reached XP level 10. HP: 86/86 MP: 9/9
  6794 | D:9      | Slain by a swamp worm

Skill      XL: |  1  2  3  4  5  6  7  8  9 |
---------------+----------------------------+-----
Axes           | 4 5 6 7 9 10 13 | 13.3
Fighting       | 4 5 6 7 |  7.5
Armour         | 3 4 5 6 7 |  7.6
Dodging        | 3 4 5 |  5.6

Action                   |  1- 3 |  4- 6 |  7- 9 | 10-12 || total
-------------------------+-------+-------+-------+-------++-------
Melee: Hand axe          |    69 |   122 |   351 |    67 ||   609
       Headbutt          |     8 |    23 |    80 |    13 ||   124
Invok: Berserk           |       |     2 |     3 |     1 ||     6
       Trog's Hand       |       |       |       |     1 ||     1
Evoke: Wand              |       |       |       |     1 ||     1
  Use: Scroll            |       |       |     9 |       ||     9
       Potion            |       |       |     5 |       ||     5
  Eat: Chunk             |       |     7 |    15 |     2 ||    24
Armor: Animal skin       |     6 |       |       |       ||     6
       Ring mail         |    19 |    37 |   116 |    17 ||   189
Dodge: Dodged            |    46 |    55 |   211 |    27 ||   339
